 Dungeon Crawl Stone Soup version 0.29.0-4-gdea44cf6ec (webtiles) character file.

Game seed: 5450998535645008141

247 qw the Chopper (level 5, 0/46 HPs)
             Began as a Minotaur Fighter on Sept 6, 2022.
             Slain by a gnoll
             ... wielding a +0 spear of distortion
              (21 damage)
             ... on level 3 of the Dungeon.
             The game lasted 00:01:04 (1818 turns).

qw the Chopper (Minotaur Fighter)                   Turns: 1818, Time: 00:01:05

Health: 0/46       AC:  8    Str: 22    XL:     5   Next: 85%
Magic:  4/4        EV:  9    Int:  5    God:
Gold:   98         SH:  4    Dex: 10    Spells: 4/4 levels left

rFire   . . .      SeeInvis .   Y - +1 war axe
rCold   . . .      Faith    .   c - +0 buckler
rNeg    . . .      Spirit   .   b - +0 scale mail
rPois   .          Reflect  .   (helmet restricted)
rElec   .          Harm     .   (no cloak)
rCorr   .          Rampage  .   i - +0 pair of gloves
Will    .....                   (no boots)
Stlth   ..........              l - amulet of regeneration
HPRegen 0.95/turn               (no ring)
MPRegen 0.09/turn               (no ring)

@: no status effects
A: horns 2, retaliatory headbutt
a: no special abilities


You were on level 3 of the Dungeon.
You visited 1 branch of the dungeon, and saw 3 of its levels.

You collected 98 gold pieces.


Innate Abilities, Weirdness & Mutations

You have a pair of horns on your head.
You reflexively headbutt those who attack you in melee.


   Skills:
 + Level 3.8 Fighting
 - Level 7.0 Axes
 - Level 1.1 Throwing
 - Level 3.6 Armour
 - Level 1.0 Dodging
 - Level 3.6 Shields


You had 4 spell levels left.
You didn't know any spells.
Your spell library was empty.

Inventory:

Hand Weapons
 k - a +1 whip of freezing
 Y - a +1 war axe (weapon)
Missiles
 m - 2 javelins (quivered)
Armour
 b - a +0 scale mail (worn)
 c - a +0 buckler (worn)
 i - a +0 pair of gloves (worn)
Jewellery
 l - an amulet of regeneration (around neck)
Potions
 a - a potion of degeneration {unknown}
 d - a potion of might
 e - a potion of attraction {unknown}
 f - 2 potions of haste {unknown}
 j - a potion of heal wounds {unknown}

Dungeon Overview and Level Annotations

Branches:
Dungeon (3/15)

Altars:


Message History

a - a fizzy sapphire potion You see here a jackal corpse.
m - 3 javelins (gained 1)
Found a stone staircase leading up.
Found a mace and a lead wand.
A gnoll comes into view. It is wielding a +0 club.
The gnoll shouts!
You hear a shout! x2
Throw: 3 javelins
Press: ? - help, Q - select action Shift-Dir - straight line, f - gnoll You throw a javelin.
The javelin pierces through the gnoll.
The gnoll is heavily wounded.
A gnoll comes into view. It is wielding a +1 spear of venom.
1811 ||| Stepping ~*~*~tactically~*~*~ (hiding).
You slash the gnoll!
You kill the gnoll!
Your Throwing skill increases to level 1!
A gnoll comes into view.
It is wielding a +0 spear of distortion.
The gnoll shouts!
The gnoll hits you with a +1 spear of venom.
Things that are here:
a +0 club; a gnoll corpse You slash the gnoll!
The gnoll is severely wounded.
The gnoll closely misses you. You furiously retaliate!
You headbutt the gnoll. The gnoll hits you but does no damage.
Space warps around you.
A worm comes into view.
You hit the gnoll.
You kill the gnoll!
The gnoll hits you from afar with a +0 spear of distortion.
Space warps around you. You block the gnoll's attack.
Things that are here:
a +1 spear of venom; a gnoll corpse You barely miss the gnoll.
You block the gnoll's attack.
You barely miss the gnoll.
The gnoll hits you with a +0 spear of distortion!
Space warps horribly around you! The gnoll hits you but does no damage.
Space warps horribly around you!!
You die...

#).......##.#..#.....
#.<......##.........#
#........###.#.######
#.######.###.#.# # ##
#.......#
...#######.###
........##.#
#....)..# #.##@####
#g# #w# (.# ###


You could see a worm and a gnoll.

Vanquished Creatures
  Sigmund (D:2)
  2 gnolls (D:3)
  5 ball pythons
  6 bats
  4 endoplasms
  2 giant cockroaches
  6 goblins
  8 hobgoblins
  3 jackals (D:3)
  13 kobolds
  3 quokkas
  7 frilled lizards
  3 rats
63 creatures vanquished.

Notes
Turn   | Place    | Note
-------+----------+-------------------------------------------
     0 | D:1      | qw the Minotaur Fighter began the quest for the Orb.
     0 | D:1      | Reached XP level 1. HP: 19/19 MP: 0/0
     0 | D:1      | 0 ||| qw: Version: 0.1-a-108-g9e35731
     0 | D:1      | 0 ||| qw: Game counter: 6287
     0 | D:1      | 0 ||| qw: Always use a shield: true
     0 | D:1      | 0 ||| qw: God list: Ru
     0 | D:1      | 0 ||| qw: Allow faded altars: false
     0 | D:1      | 0 ||| qw: Do Orc after D:15 true
     0 | D:1      | 0 ||| qw: Do second Lair branch before Depths: true
     0 | D:1      | 0 ||| qw: Lair rune preference: random
     0 | D:1      | 0 ||| qw: Plans: Normal
     0 | D:1      | 0 ||| PLANNING D:1-11
   137 | D:1      | Reached skill level 3 in Axes
   213 | D:1      | Reached XP level 2. HP: 26/26 MP: 1/1
   419 | D:1      | Reached skill level 4 in Axes
   643 | D:1      | 643 ||| Stepping ~*~*~tactically~*~*~ (stealth).
   703 | D:1      | Reached XP level 3. HP: 31/31 MP: 2/2
   738 | D:1      | 738 ||| Stepping ~*~*~tactically~*~*~ (stealth).
   770 | D:1      | 770 ||| Stepping ~*~*~tactically~*~*~ (stealth).
   915 | D:1      | 915 ||| UPGRADING to +0 pair of gloves.
   920 | D:1      | 920 ||| DROPPING ring of wizardry.
   921 | D:1      | 921 ||| DROPPING ring of magical power.
   922 | D:1      | 922 ||| READING scroll labelled EMUSHI WULY.
   923 | D:1      | 923 ||| READING scroll labelled TEXEODOILI.
   924 | D:1      | 924 ||| DRINKING 2 green potions.
   925 | D:1      | 925 ||| DRINKING 3 white potions.
   926 | D:1      | 926 ||| DROPPING 2 potions of brilliance.
  1028 | D:2      | Noticed Sigmund
  1029 | D:2      | 1029 ||| Stepping ~*~*~tactically~*~*~ (stealth).
  1031 | D:2      | 1031 ||| Stepping ~*~*~tactically~*~*~ (hiding).
  1039 | D:2      | 1039 ||| DRINKING potion of curing.
  1039 | D:2      | 1039 ||| (to cure confusion)
  1043 | D:2      | Killed Sigmund
  1044 | D:2      | Reached skill level 7 in Axes
  1044 | D:2      | Reached XP level 4. HP: 36/39 MP: 3/3
  1044 | D:2      | Reached XP level 5. HP: 41/45 MP: 4/4
  1167 | D:2      | 1167 ||| DROPPING +0 club.
  1298 | D:2      | 1298 ||| Stepping ~*~*~tactically~*~*~ (stealth).
  1300 | D:2      | 1300 ||| Stepping ~*~*~tactically~*~*~ (stealth).
  1347 | D:2      | Found a faded altar of an unknown god.
  1385 | D:2      | 1385 ||| Stepping ~*~*~tactically~*~*~ (stealth).
  1387 | D:2      | 1387 ||| Stepping ~*~*~tactically~*~*~ (stealth).
  1418 | D:2      | 1418 ||| Stepping ~*~*~tactically~*~*~ (stealth).
  1461 | D:2      | 1461 ||| Stepping ~*~*~tactically~*~*~ (stealth).
  1462 | D:2      | 1462 ||| Stepping ~*~*~tactically~*~*~ (stealth).
  1464 | D:2      | Reached skill level 1 in Dodging
  1465 | D:2      | 1465 ||| Stepping ~*~*~tactically~*~*~ (stealth).
  1690 | D:2      | 1690 ||| UPGRADING to amulet of regeneration.
  1695 | D:2      | 1695 ||| READING scroll labelled TOSAER CIERATI.
  1698 | D:2      | 1698 ||| READING scroll labelled DUCAUM WIEXKUSCHI.
  1699 | D:2      | 1699 ||| READING scroll labelled MIVAOM WOITZO.
  1700 | D:2      | 1700 ||| READING scroll labelled DUFU BEL SODOP.
  1736 | D:3      | 1736 ||| PLANNING SEWER
  1811 | D:3      | 1811 ||| Stepping ~*~*~tactically~*~*~ (hiding).
  1813 | D:3      | Reached skill level 1 in Throwing
  1818 | D:3      | Slain by a gnoll

Levels and vault maps discovered:
D:1:      dpeg_arrival_signposts, layout_basic, minmay_misc_feat_columns
D:2:      minmay_kobold_bridge, layout_loops_ring,
          ebering_ecumenical_altar_abandoned, uniq_sigmund
D:3:      layout_loops_cross, lemuel_doored_altar, portal_sewer_entry_d,
          minmay_cut_off

Skill      XL: |  1  2  3  4  5 |
---------------+----------------+-----
Axes           | 3 4 7 |  7.0
Dodging        | 1 |  1.0
Throwing       | 1 |  1.1
Fighting       | |  3.8
Armour         | |  3.6
Shields        | |  3.6

Action                   |  1- 3 |  4- 6 || total
-------------------------+-------+-------++-------
Melee: War axe           |    86 |    37 ||   123
       Headbutt          |     7 |     3 ||    10
Throw: Javelin           |       |    15 ||    15
  Use: Potion            |     3 |       ||     3
       Scroll            |     2 |     4 ||     6
Armor: Scale mail        |    34 |    19 ||    53
Dodge: Dodged            |    37 |     9 ||    46
Block: Buckler           |    20 |     7 ||    27

Table legend:
 A = Non-vault XP
 B = Vault XP
 C = Vault XP percentage of total XP
 D = Non-vault monster count
 E = Vault monster count
 F = Vault count percentage of total count
                 A         B        C        D         E       F
            +---------+---------+-------+---------+---------+-------
      Total |     119 |     234 |  66.3 |      57 |       6 |   9.5
            +---------+---------+-------+---------+---------+-------
        D:1 |      49 |       0 |   0.0 |      30 |       0 |   0.0
        D:2 |      29 |     234 |  89.0 |      18 |       6 |  25.0
        D:3 |      41 |       0 |   0.0 |       9 |       0 |   0.0
            +---------+---------+-------+---------+---------+-------
